 Dungeon Crawl Stone Soup version 0.18.1-50-g88ac8fd (console) character file.

1352 Kloppie the Spear-Bearer (level 8, 0/61 HPs)
             Began as a Merfolk Berserker on Oct 8, 2016.
             Was a Priest of Trog.
             Slain by Prince Ribbit (13 damage)
             ... on level 6 of the Dungeon.
             The game lasted 00:08:21 (4633 turns).

Kloppie the Spear-Bearer (Merfolk Berserker)        Turns: 4633, Time: 00:08:21

Health: 0/61       AC:  9    Str: 17    XL:     8   Next: 63%
Magic:  8/8        EV: 12    Int:  7    God:    Trog [***...]
Gold:   61         SH:  6    Dex: 20    Spells: 0 memorised, 7 levels left

rFire  . . .     SeeInvis .     a - +0 spear
rCold  . . .     Gourm    .     g - +0 ring mail
rNeg   . . .     Faith    .     k - +0 buckler
rPois  .         Spirit   .     (no helmet)
rElec  .         Dismiss  .     l - +2 cloak
rCorr  .         Reflect  .     (no gloves)
SustAt .         Harm     .     (no boots)
MR     .....                    (no amulet)
Stlth  ++........               (no ring)
                                (no ring)

@: agile, not resistant to hostile enchantments, unstealthy
A: change form in water, swift swim
a: Berserk, Trog's Hand, Burn Spellbooks, Renounce Religion


You were on level 6 of the Dungeon.
You worshipped Trog.
Trog was most pleased with you.
You were near starving.

You visited 1 branch of the dungeon, and saw 6 of its levels.

You collected 149 gold pieces.
You spent 88 gold pieces at shops.

Inventory:

Hand Weapons
 a - a +0 spear (weapon)
 b - the +2 glaive of Mocvem {drain, rF+, unknown}
   (You acquired it on level 5 of the Dungeon)

   A truly terrible weapon, it drains the life of those it strikes.
   It protects you from fire.
 v - the +2 glaive of Titten {freeze, *Rage rF- rC+++ Str+3, unknown}
   (You found it on level 5 of the Dungeon)

   It has been specially enchanted to freeze those struck by it, causing extra
   injury to most foes and up to half again as much damage against particularly
   susceptible opponents.
   It can also slow down cold-blooded creatures.
   It affects your strength (+3).
   It makes you vulnerable to fire.
   It renders you almost immune to cold.
   It may make you go berserk in combat.
Armour
 g - a +0 ring mail (worn)
 k - a +0 buckler (worn)
 l - a +2 cloak (worn)
 u - a +0 shield
Wands
 s - a wand of iceblast (9/15)
Scrolls
 f - 2 scrolls of teleportation
 q - 2 scrolls of remove curse
 t - a scroll of noise {unknown}
Potions
 d - a potion of berserk rage
 i - 3 potions of lignification {unknown}
 m - 3 potions of resistance {unknown}
 n - a potion of curing {unknown}
 o - a potion of cancellation {unknown}
 p - a potion of brilliance {unknown}
 r - 2 potions of degeneration {unknown}
Comestibles
 c - 3 bread rations
 h - 5 meat rations
 j - 2 beef jerkies


   Skills:
 + Level 4.8 Fighting
 + Level 11.1 Polearms
 - Level 3.8 Armour
 - Level 2.6 Dodging
 - Level 4.0 Shields


You had 7 spell levels left.
You didn't know any spells.

Dungeon Overview and Level Annotations

Branches:
Dungeon (6/15)             Temple (0/1) D:4

Altars:
Sif Muna
Xom
The Shining One

Shops:
D:4 *

Annotations:
D:6 Prince Ribbit


Message History

You hit Prince Ribbit but do no damage.
Prince Ribbit is heavily wounded.
Prince Ribbit hits you!
* * * LOW HITPOINT WARNING * * *
You block the jackal skeleton's attack.
Drink which item? (? for menu, Esc to quit)
You feel agile all of a sudden.
Your skin stops crawling.
You feel less resistant to hostile enchantments.
Prince Ribbit blinks!
The jackal skeleton closely misses you.
You feel sick.
You are no longer poisoned.
The jackal skeleton misses you. Prince Ribbit barely misses you.
The jackal skeleton bites you.
* * * LOW HITPOINT WARNING * * *
Prince Ribbit says, "You're just another fly to me."
There is a stone staircase leading up, spattered with blood here.
The jackal skeleton barely misses you.
Prince Ribbit lets out a mournful croak.
Prince Ribbit hits you!
You die...

. #...........# # #.
#.......[...##. #.#
#............. ..
#...###..........# #.#
#.ยง.............
#..#########.<...........
#.#.........####.(......
#####...###...##
#........
....#......F@..#
#^....... ......#...Z...#
#........ #.#..........#
#........
#......####..###
#........ #.......#
##...# #........
#.......#
###.####........
#....(..# #...##........
##.....## ###...........
#....... ######....>#


You could see Prince Ribbit and a jackal skeleton.

Vanquished Creatures
  An orc warrior (D:4)
  A phantom (D:5)
  An ice beast (D:5)
  3 ogres
  A giant frog (D:5)
  A scorpion (D:5)
  A crimson imp (D:5)
  2 howler monkeys
  A giant frog zombie (D:5)
  A centaur zombie (D:5)
  3 hounds
  A centaur skeleton (D:4)
  An iguana (D:5)
  2 orc wizards
  4 worker ants
  A hound skeleton (D:4)
  4 gnolls (D:4)
  8 adders
  A shadow imp (D:5)
  2 oozes
  5 dart slugs
  4 worms
  3 giant geckos
  6 orcs
  3 ball pythons
  4 bats
  4 giant cockroaches
  2 goblins
  14 hobgoblins
  4 jackals (D:5)
  3 quokkas
  2 giant newts
  A jackal skeleton (D:5)
  6 kobolds
  7 rats
108 creatures vanquished.

Notes
Turn   | Place    | Note
--------------------------------------------------------------
     0 | D:1      | Kloppie the Merfolk Berserker began the quest for the Orb.
     0 | D:1      | Reached XP level 1. HP: 18/18 MP: 1/1
    83 | D:1      | Reached XP level 2. HP: 12/24 MP: 2/2
   509 | D:1      | Reached skill level 5 in Polearms
   676 | D:1      | Reached XP level 3. HP: 30/30 MP: 3/3
   677 | D:1      | Found a glowing golden altar of the Shining One.
   899 | D:2      | Reached ** piety under Trog
   939 | D:2      | Found a deep blue altar of Sif Muna.
  1017 | D:2      | Found a shimmering altar of Xom.
  1091 | D:2      | Reached skill level 1 in Shields
  1091 | D:2      | Reached XP level 4. HP: 37/37 MP: 4/4
  1358 | D:2      | Reached skill level 6 in Polearms
  1398 | D:2      | Found a faded altar to an unknown god.
  1664 | D:3      | Reached XP level 5. HP: 42/42 MP: 5/5
  1870 | D:3      | Reached *** piety under Trog
  2208 | D:4      | Reached skill level 7 in Polearms
  2364 | D:4      | Reached XP level 6. HP: 48/48 MP: 6/6
  2711 | D:4      | Noticed an orc warrior
  2729 | D:4      | Killed an orc warrior
  2729 | D:4      | Reached skill level 8 in Polearms
  2830 | D:4      | Reached XP level 7. HP: 43/54 MP: 7/7
  2861 | D:4      | Found a staircase to the Ecumenical Temple.
  2893 | D:4      | Reached skill level 9 in Polearms
  2988 | D:4      | Found Godghunaa's Assorted Antiques.
  2994 | D:4      | Bought a scroll labeled ITIGAM ESENG for 22 gold pieces
  2994 | D:4      | Bought a scroll labeled ITIGAM ESENG for 22 gold pieces
  2994 | D:4      | Bought a scroll labeled MENEXZ NALISS for 22 gold pieces
  2994 | D:4      | Bought a scroll labeled JATTYO OLUAC for 22 gold pieces
  3097 | D:5      | Entered Level 5 of the Dungeon
  3296 | D:4      | Reached XP level 8. HP: 41/60 MP: 8/8
  3398 | D:4      | Reached skill level 10 in Polearms
  3599 | D:5      | Got a transparent glaive
  3846 | D:5      | Reached **** piety under Trog
  4292 | D:5      | Got an iridescent glaive
  4359 | D:5      | Reached skill level 11 in Polearms
  4602 | D:6      | Noticed Prince Ribbit
  4633 | D:6      | Slain by Prince Ribbit

Skill      XL: |  1  2  3  4  5  6  7  8 |
---------------+-------------------------+-----
Polearms       | 5 6 7 8 9 11 | 11.1
Fighting       | 4 |  4.8
Shields        | 1 2 3 4 |  4.0
Armour         | 3 |  3.8
Dodging        | |  2.6

Action                   |  1- 3 |  4- 6 |  7- 9 || total
-------------------------+-------+-------+-------++-------
Melee: Spear             |   112 |   243 |   312 ||   667
Invok: Berserk           |     3 |     6 |     3 ||    12
       Trog's Hand       |       |     1 |     2 ||     3
  Use: Scroll            |       |       |    10 ||    10
       Potion            |       |       |     1 ||     1
  Eat: Chunk             |     3 |    13 |     7 ||    23
Armor: Ring mail         |    23 |    49 |    47 ||   119
Dodge: Dodged            |    47 |    68 |    99 ||   214
Block: Buckler           |     2 |    29 |    35 ||    66
